 Dungeon Crawl Stone Soup version 0.30-a0-739-gea05faddec (webtiles) character file.

Game seed: 14472099093314929472

244 PriceMaster the Changer (level 6, -8/57 HPs)
             Began as an Octopode Transmuter on Feb 4, 2023.
             Was an Initiate of Sif Muna.
             Killed by divine providence
             ... invoked by an orc priest
              (14 damage)
             ... on level 4 of the Dungeon.
             The game lasted 00:07:01 (2731 turns).

PriceMaster the Changer (Octopode Transmuter)       Turns: 2731, Time: 00:07:02

Health: -8/57      AC: 23    Str: 12    XL:     6   Next: 10%
Magic:  10/11      EV:  2    Int: 15    God:    Sif Muna [......]
Gold:   170        SH:  0    Dex: 12    Spells: 7/11 levels left

rFire   . . .      SeeInvis .    k - +2 short sword (freeze)
rCold   + . .      Faith    .    o - orb {*Rage}
rNeg    . . .      Spirit   .    (helmet currently unavailable)
rPois   +          Reflect  .    (no amulet)
rElec   .          Harm     .    m - ring of protection from cold
rCorr   .          Rampage  .    p - +5 ring of evasion
Will    .....      Rage     20%  (no ring)
Stlth   ++         NoTele   +    (no ring)
HPRegen 0.29/turn                (no ring)
MPRegen 0.12/turn                (no ring)
                                 (no ring)
                                 (no ring)

@: tree-form, on berserk cooldown, slowed, very slow
A: stationary, stasis, torment immunity, boosted hp, almost no armour,
(amphibious), 8 rings, (camouflage 1), (gelatinous body 1), (nimble swimmer 1),
(tentacles)
a: Renounce Religion


You were on level 4 of the Dungeon.
You worshipped Sif Muna.
Sif Muna was noncommittal.
You were a tree.
You visited 1 branch of the dungeon, and saw 4 of its levels.

You collected 170 gold pieces.

Inventory:

Hand Weapons
 c - a +0 short sword
 j - a +1 whip of freezing
 k - a +2 short sword of freezing (weapon)
 t - a +1 antimagic short sword
Armour
 o - an orb of wrath (worn)
Jewellery
 m - a ring of protection from cold (left branch)
 p - a +5 ring of evasion (right branch)
Wands
 q - a wand of quicksilver (19)
Scrolls
 f - a scroll of teleportation {unknown}
 l - a scroll of identify {unknown}
 s - a scroll of immolation {unknown}
Potions
 b - a potion of cancellation {unknown}
 e - a potion of magic {unknown}
 g - a potion of invisibility {unknown}
 h - a potion of curing {unknown}
 i - a potion of heal wounds {unknown}
 n - a potion of might {unknown}
 r - a potion of brilliance {unknown}


   Skills:
 + Level 1.1 Fighting
 + Level 1.6 Short Blades
 + Level 2.2 Dodging
 + Level 2.1 Stealth
 + Level 3.3 Unarmed Combat
 + Level 3.4 Spellcasting
 + Level 0.4 Hexes
 + Level 4.0 Transmutations


You had 7 spell levels left.
You knew the following spells:

 Your Spells              Type           Power      Damage    Failure   Level
a - Beastly Appendage     Tmut           28%        N/A       3%          1
b - Wereblood             Tmut           14%        N/A       5%          2
c - Slow                  Hex            12%        N/A       16%         1

Your spell library contained the following spells:

 Spells                   Type           Power      Damage    Failure   Level
 Kiss of Death            Conj/Necr      8%         2d6       19%         1
 Spider Form              Tmut/Pois      8%         N/A       26%         3
 Confusing Touch          Hex            3%         N/A       43%         3
 Vampiric Draining        Necr           2%         2d6       50%         3
 Ice Form                 Ice/Tmut       8%         N/A       63%         4


Dungeon Overview and Level Annotations

Branches:
Dungeon (4/15)
 Temple: D:4-7

Altars:
Sif Muna
Trog


Innate Abilities, Weirdness & Mutations

You are a tree.
Your roots penetrate the ground, keeping you stationary.
You cannot be teleported.
You are immune to unholy pain and torment.
Your maximum health is greatly increased.
You cannot wear most types of armour.
((You are amphibious.))
You can wear up to eight rings at the same time.
((Your skin changes colour to match your surroundings (Stealth+).))
((Your rubbery body absorbs attacks. (AC +1, EV +1)))
((You are camouflaged when in or above water. (Stealth+)))
((You have tentacles for arms and can constrict up to eight enemies at once.))


Message History

Sif Muna accepts your kill.
Your primal bloodlust has ended.
Something hits you but does no damage.
You hear some strange, mumbled words.
Something tries to affect you, but you resist.
The orc hits you but does no damage.
The orc priest hits you but does no damage.
You hit the goblin. You freeze the goblin.
The goblin is severely wounded.
Something hits you but does no damage. x2
The orc priest hits you but does no damage.
The orc hits you but does no damage. The goblin barely misses you.
You hit the goblin. You freeze the goblin.
You kill the goblin!
Sif Muna accepts your kill. Something hits you but does no damage.
The orc hits you but does no damage.
The orc priest hits you but does no damage.
Something hits you.
* * * LOW HITPOINT WARNING * * *
The endoplasm barely misses you.
The orc priest hits you but does no damage.
The orc hits you with a +0 dagger.
* * * LOW HITPOINT WARNING * * *
You hit the endoplasm. You freeze the endoplasm.
The endoplasm is heavily wounded.
Something hits you but does no damage. x2; The orc hits you but does no damage.
The endoplasm hits you but does no damage.
The orc priest completely misses you.
You hit the endoplasm. You freeze the endoplasm.
You kill the endoplasm!
Sif Muna accepts your kill.
Something hits you but does no damage. x2; The orc hits you but does no damage.
The orc priest hits you but does no damage.
Something hits you but does no damage.
It was a potion of berserk rage.
You're still recovering from your berserk rage.
The orc completely misses you.
The orc priest mumbles some strange prayers to Beogh against you.
Beogh smites you!
You die...

... ... .. ..
#. ####
#.####+#.....
#.#...o......
#....♣)......
##.##o{..^...
#...##...#...
##♣...♣##......
#.......#...##
#.>.♣.<.#...+
#.......# ..#
##♣.<.♣## ...
#...#


You could see an orc priest and an orc.

Vanquished Creatures
  A scorpion (D:3)
  A jelly (D:4)
  Jessica (D:3)
  Terence (D:3)
  2 adders (D:2)
  A gnoll (D:3)
  2 dart slugs
  3 orcs
  2 ball pythons (D:1)
  16 endoplasms
  4 giant cockroaches
  5 goblins
  6 hobgoblins
  4 jackals (D:1)
  8 kobolds
  3 quokkas
  3 bats
  3 frilled lizards
  A rat (D:3)
67 creatures vanquished.

Notes
Turn   | Place    | Note
-------+----------+-------------------------------------------
     0 | D:1      | PriceMaster the Octopode Transmuter began the quest for the
                  | Orb.
     0 | D:1      | Reached XP level 1. HP: 13/13 MP: 3/3
     2 | D:1      | Noticed a felid
     2 | D:1      | Noticed an ogre
     4 | D:1      | Noticed a human
     4 | D:1      | Noticed a spriggan
     6 | D:1      | Noticed a vine stalker
     8 | D:1      | Noticed a demigod
     8 | D:1      | Noticed a formicid
    10 | D:1      | Noticed an elf
    10 | D:1      | Noticed a troll
    12 | D:1      | Noticed a minotaur
    12 | D:1      | Noticed an armataur
    14 | D:1      | Noticed a merfolk
    16 | D:1      | Noticed a ghoul
    16 | D:1      | Noticed a draconian
    18 | D:1      | Noticed an octopode
    18 | D:1      | Noticed a vampire
    20 | D:1      | Noticed a gargoyle
    22 | D:1      | Noticed a naga
    22 | D:1      | Noticed a demonspawn
    24 | D:1      | Noticed a merfolk
    24 | D:1      | Noticed a tengu
    26 | D:1      | Noticed a vampire
   176 | D:1      | Reached XP level 2. HP: 13/18 MP: 3/5
   787 | D:2      | Reached XP level 3. HP: 11/23 MP: 4/6
   842 | D:1      | Learned a level 2 spell: Wereblood
   867 | D:2      | Reached skill level 1 in Stealth
  1314 | D:2      | Reached XP level 4. HP: 28/28 MP: 4/8
  1528 | D:2      | Learned a level 1 spell: Slow
  1689 | D:3      | Found a shimmering blue altar of Sif Muna.
  1689 | D:3      | Noticed Jessica
  1697 | D:3      | Killed Jessica
  1698 | D:3      | Reached skill level 3 in Transmutations
  1713 | D:3      | Found a bloodstained altar of Trog.
  1719 | D:3      | Got Sif Muna's Guidebook on Impulse
  1832 | D:3      | Noticed Terence
  1840 | D:3      | Killed Terence
  1841 | D:3      | Reached skill level 1 in Short Blades
  1841 | D:3      | Reached XP level 5. HP: 33/33 MP: 7/9
  2220 | D:3      | Became a worshipper of Sif Muna the Loreminder
  2535 | D:3      | Found a faded altar of an unknown god.
  2707 | D:4      | Reached XP level 6. HP: 38/38 MP: 6/11
  2708 | D:4      | Reached skill level 4 in Transmutations
  2731 | D:4      | Killed from afar by an orc priest

Illustrated notes

Levels and vault maps discovered:
D:1:      kb_arrival_jail, layout_loops_ring
D:2:      layout_rooms, minmay_cut_off
D:3:      layout_basic, nzn_overflow_gifts_of_might_and_magic,
          hellmonk_ecumenical_altar_leap_of_faith, uniq_terence
D:4:      layout_basic, minitemple, lemuel_temple_firewalk_b, minivault_11,
          eino_small_chamber_without_monster, grunt_ministairs_7

Skill      XL: |  1  2  3  4  5  6 |
---------------+-------------------+-----
Stealth        | 1 2 |  2.1
Transmutations | 3 4 |  4.0
Short Blades   | 1 |  1.6
Spellcasting   | 3 |  3.4
Fighting       | |  1.1
Dodging        | |  2.2
Unarmed Combat | |  3.3
Hexes          | |  0.4

Action                     |  1- 3 |  4- 6 || total
---------------------------+-------+-------++-------
  Melee: Unarmed           |    11 |       ||    11
         Kick              |    17 |    15 ||    32
         Short sword       |    38 |    54 ||    92
         Constrict         |    16 |    13 ||    29
         Tentacles         |    13 |     8 ||    21
         Whip              |    13 |       ||    13
   Cast: Beastly Appendage |    20 |    14 ||    34
         Wereblood         |     9 |    12 ||    21
         Slow              |       |     7 ||     7
    Use: Potion            |       |     2 ||     2
   Stab: Sleeping          |     3 |     4 ||     7
 Armour: Skin              |     4 |    27 ||    31
  Dodge: Dodged            |    40 |    34 ||    74

Table legend: (Time is in decaauts)
 A = Elapsed time spent in this place.
 B = Non-inter-level travel time spent in this place.
 C = Inter-level travel time spent in this place.
 D = Time resting spent in this place.
 E = Time spent auto-exploring this place.
 F = Levels seen in this place.
 G = Mean time per level.
                   A        B        C        D        E       F      G
               +--------+--------+--------+--------+--------+-----+--------+
         Total |   2830 |   2686 |    144 |    135 |   1956 |   4 |  707.5 |
       Dungeon |   2830 |   2686 |    144 |    135 |   1956 |   4 |  707.5 |
               +--------+--------+--------+--------+--------+-----+--------+

Top non-repeatable levels by time:
     D:3: 1249 daAuts
     D:1: 856 daAuts
     D:2: 690 daAuts
     D:4: 33 daAuts
